 Dungeon Crawl Stone Soup version 0.31-a0-176-g91f28db67f (webtiles) character file.

Game seed: 7093722300595891515

934 qw the Shooter (level 8, -2/73 HPs)
             Began as a Naga Hunter on June 17, 2023.
             Was an Initiate of Okawaru.
             Slain by an ice beast (3 damage)
             ... on level 6 of the Dungeon.
             The game lasted 00:01:35 (4605 turns).

qw the Shooter (Naga Hunter)                        Turns: 4605, Time: 00:01:36

Health: -2/73      AC: 10    Str: 13    XL:     8   Next: 11%
Magic:  8/8        EV: 10    Int: 10    God:    Okawaru [......]
Gold:   168        SH:  0    Dex: 17    Spells: 7/7 levels left

rFire   . . .        Y - +0 shortbow
rCold   + + .        (shield currently unavailable)
rNeg    . . .        k - +3 leather armour {rC+}
rPois   +            d - +0 helmet
rElec   .            n - +0 cloak
rCorr   .            j - +0 pair of gloves
SInv    +            (no barding)
Will    +....        (no amulet)
Stlth   ++           i - ring of protection from cold
HPRegen 0.32/turn    (no ring)
MPRegen 0.11/turn

%: no passive effects
@: about to teleport, very slow
A: AC +2, large, see invisible, deformed body, poison resistance, slowness 2,
spit poison 1, naga tail 1
a: Spit Poison, Renounce Religion


You were on level 6 of the Dungeon.
You worshipped Okawaru.
Okawaru was noncommittal.
You visited 2 branches of the dungeon, and saw 7 of its levels.

You collected 307 gold pieces.
You spent 139 gold pieces at shops.


Innate Abilities, Weirdness & Mutations

Your serpentine skin is tough. (AC +2)
You have supernaturally acute eyesight. (SInv)
Armour fits poorly on your strangely shaped body.
Your system is resistant to poisons. (rPois)
You cover ground very slowly.
You can spit poison.
You have a snake-like lower body.


   Skills:
 - Level 4.3 Fighting
 + Level 7.7 Ranged Weapons
 - Level 1.7 Armour
 - Level 2.3 Dodging
 - Level 1.5 Stealth


You had 7 spell levels left.
You didn't know any spells.
Your spell library was empty.

Inventory:

Hand Weapons
 Y - a +0 shortbow (weapon)
Armour
 d - a +0 helmet (worn)
 j - a +0 pair of gloves (worn)
 k - a +3 leather armour of cold resistance (worn)
 n - a +0 cloak (worn)
Jewellery
 i - a ring of protection from cold (left hand)
Scrolls
 a - a scroll of identify
 f - 2 scrolls of teleportation
Potions
 b - a potion of heal wounds
 e - a potion of curing
 m - a potion of haste {unknown}

Dungeon Overview and Level Annotations

Branches:
Dungeon (6/15)             Temple (1/1) D:6

Altars:
Ashenzari
Cheibriados
Fedhas
Gozag
Hepliaklqana
Kikubaaqudgha
Makhleb
Nemelex Xobeh
Okawaru
Qazlal
Ru
Sif Muna
Uskayaw
Vehumet
Wu Jian
Xom
Zin
The Shining One

Shops:
D:5 [

Annotations:
D:5 1 runed translucent door, Crazy Yiuf


Message History

The ice beast hits you but does no damage.
4601 ||| INVOKING Spit Poison.
Aiming: Spit Poison (1% risk of failure)
Press: ? - help, Shift-Dir - straight line, f - orc priest, p - ice beast The splash of poison hits the orc priest but does no damage.
The orc priest is poisoned.
The orc priest hits the plant with a +0 club.
The orc splashes around in the water.
The ice beast closely misses you.
You shoot an arrow.
The arrow hits the ice beast but does no damage.
The orc priest hits the plant with a +0 club.
The orc barely misses you.
The ice beast hits you but does no damage.
The orc priest looks encouraged for a moment.
You shoot an arrow.
The arrow hits the orc priest but does no damage.
The orc priest is moderately wounded.
The orc priest hits the plant with a +0 club.
The orc closely misses you.
The ice beast hits you but does no damage.
The orc priest hits you with a +0 falchion.
The orc priest hits the plant with a +0 club.
The ice beast hits you but does no damage.
The orc hits you but does no damage.
You shoot an arrow. The arrow hits the orc priest.
The orc priest is heavily wounded.
The orc priest calls down the wrath of Beogh upon you.
Pain shoots through your body!
The orc hits the plant with a +0 whip.
The plant begins to die.
The orc priest hits the plant with a +0 club.
The orc splashes around in the water.
The ice beast hits you but does no damage.
4605 ||| READING 3 scrolls of teleportation.
As you read the scroll of teleportation, it crumbles to dust.
You feel strangely unstable.
You have got your breath back.
A nearby plant withers and dies.
The orc priest calls down the wrath of Beogh upon you.
Beogh smites you! The ice beast hits you. The ice beast freezes you.
You resist.
You die...

..... #.# P P.7. ..
~~ 7...#.. o~~7o....#
7~7~~o....#
.~~~~7o...##
..........~~~~~Yo..#
...........~~~.o@..##
..<.......7.P.oP....#
.........#7....#....#
.........#.P7.......#
........##...PP..#.##
#....##........#..##
#..............####
###.........####
#.......##..#


You could see an ice beast, 3 orc priests and 3 orcs.

Vanquished Creatures
  Duvessa (D:5)
  2 water moccasins
  An ogre (D:5)
  A phantom (D:5)
  A scorpion (D:4)
  Dowan (D:5)
  A howler monkey (D:5)
  An orc priest (D:6)
  2 hounds
  2 iguanas
  9 adders
  A shadow imp (D:6)
  A white imp (D:5)
  A worm (D:2)
  5 dart slugs
  5 orcs
  8 bats
  3 endoplasms
  2 giant cockroaches (D:1)
  5 goblins
  9 hobgoblins
  6 jackals (D:1)
  6 kobolds
  4 quokkas
  6 ball pythons
  4 frilled lizards
  5 rats
93 creatures vanquished.

Notes
Turn   | Place    | Note
-------+----------+-------------------------------------------
     0 | D:1      | qw the Naga Hunter began the quest for the Orb.
     0 | D:1      | Reached XP level 1. HP: 19/19 MP: 1/1
     0 | D:1      | 0 ||| qw: Version: 0.3-a-5-g6f28e65
     0 | D:1      | 0 ||| qw: Game counter: 438
     0 | D:1      | 0 ||| qw: Always use a shield: true
     0 | D:1      | 0 ||| qw: God list: Okawaru
     0 | D:1      | 0 ||| qw: Allow faded altars: false
     0 | D:1      | 0 ||| qw: Do Orc after D:15 true
     0 | D:1      | 0 ||| qw: Do second Lair branch before Depths: true
     0 | D:1      | 0 ||| qw: Lair rune preference: random
     0 | D:1      | 0 ||| qw: Plans: Normal
     0 | D:1      | 0 ||| PLANNING D:1-11
     5 | D:1      | 5 ||| INVOKING Spit Poison.
    31 | D:1      | 31 ||| INVOKING Spit Poison.
    46 | D:1      | 46 ||| INVOKING Spit Poison.
    79 | D:1      | 79 ||| INVOKING Spit Poison.
    81 | D:1      | Reached skill level 4 in Ranged Weapons
    81 | D:1      | Reached XP level 2. HP: 26/26 MP: 2/2
    84 | D:1      | 84 ||| INVOKING Spit Poison.
    89 | D:1      | 89 ||| INVOKING Spit Poison.
   102 | D:1      | 102 ||| INVOKING Spit Poison.
   106 | D:1      | 106 ||| INVOKING Spit Poison.
   126 | D:1      | 126 ||| INVOKING Spit Poison.
   138 | D:1      | 138 ||| INVOKING Spit Poison.
   154 | D:1      | 154 ||| INVOKING Spit Poison.
   166 | D:1      | 166 ||| INVOKING Spit Poison.
   240 | D:1      | 240 ||| INVOKING Spit Poison.
   260 | D:1      | 260 ||| INVOKING Spit Poison.
   261 | D:1      | Reached XP level 3. HP: 32/32 MP: 3/3
   291 | D:1      | 291 ||| INVOKING Spit Poison.
   296 | D:1      | 296 ||| INVOKING Spit Poison.
   383 | D:1      | 383 ||| INVOKING Spit Poison.
   390 | D:1      | 390 ||| INVOKING Spit Poison.
   446 | D:1      | Found a faded altar of an unknown god.
   543 | D:1      | 543 ||| INVOKING Spit Poison.
   550 | D:1      | 550 ||| UPGRADING to +0 pair of gloves.
   555 | D:1      | 555 ||| DROPPING ring of flight.
   556 | D:1      | 556 ||| READING scroll labelled UDOKIO NUIH.
   557 | D:1      | 557 ||| READING scroll labelled HEGYLE KUOMP.
   558 | D:1      | 558 ||| READING scroll labelled MUOBBU GIRUSK.
   561 | D:1      | 561 ||| READING scroll labelled EMIAGR WELOM.
   562 | D:1      | 562 ||| DROPPING scroll of butterflies.
   606 | D:2      | 606 ||| INVOKING Spit Poison.
   610 | D:2      | 610 ||| INVOKING Spit Poison.
   631 | D:2      | 631 ||| INVOKING Spit Poison.
   636 | D:2      | 636 ||| INVOKING Spit Poison.
   651 | D:2      | 651 ||| INVOKING Spit Poison.
   661 | D:2      | 661 ||| INVOKING Spit Poison.
   663 | D:2      | Reached skill level 5 in Ranged Weapons
   663 | D:2      | Reached XP level 4. HP: 39/39 MP: 4/4
   704 | D:2      | 704 ||| INVOKING Spit Poison.
   724 | D:2      | 724 ||| INVOKING Spit Poison.
   729 | D:2      | 729 ||| INVOKING Spit Poison.
   741 | D:2      | 741 ||| INVOKING Spit Poison.
   769 | D:2      | 769 ||| INVOKING Spit Poison.
   774 | D:2      | 774 ||| INVOKING Spit Poison.
   796 | D:2      | 796 ||| INVOKING Spit Poison.
   810 | D:2      | 810 ||| INVOKING Spit Poison.
   940 | D:2      | 940 ||| INVOKING Spit Poison.
   943 | D:2      | 943 ||| INVOKING Spit Poison.
   946 | D:2      | 946 ||| INVOKING Spit Poison.
   951 | D:2      | 951 ||| INVOKING Spit Poison.
   955 | D:2      | Reached skill level 3 in Fighting
   958 | D:2      | 958 ||| INVOKING Spit Poison.
  1150 | D:2      | 1150 ||| INVOKING Spit Poison.
  1153 | D:2      | 1153 ||| INVOKING Spit Poison.
  1299 | D:2      | 1299 ||| READING scroll labelled OTZIMU NAITIE.
  1300 | D:2      | 1300 ||| READING scroll labelled OKKIQE FUSUBANT.
  1301 | D:2      | 1301 ||| READING scroll labelled YGGURESMAE.
  1380 | D:3      | 1380 ||| INVOKING Spit Poison.
  1383 | D:3      | 1383 ||| STAIRDANCE
  1385 | D:2      | 1385 ||| INVOKING Spit Poison.
  1389 | D:2      | Reached XP level 5. HP: 41/49 MP: 5/5
  1456 | D:3      | 1456 ||| INVOKING Spit Poison.
  1461 | D:3      | 1461 ||| INVOKING Spit Poison.
  1464 | D:3      | 1464 ||| INVOKING Spit Poison.
  1565 | D:3      | 1565 ||| INVOKING Spit Poison.
  1628 | D:3      | 1628 ||| INVOKING Spit Poison.
  1836 | D:3      | 1836 ||| INVOKING Spit Poison.
  1943 | D:3      | 1943 ||| INVOKING Spit Poison.
  2048 | D:3      | 2048 ||| UPGRADING to +0 helmet.
  2053 | D:3      | 2053 ||| UPGRADING to ring of protection from cold.
  2054 | D:3      | 2054 ||| READING scroll labelled WOBYOPR HATAATH.
  2055 | D:3      | 2055 ||| DRINKING 2 cyan potions.
  2088 | D:3      | 2088 ||| DRINKING 2 murky ruby potions.
  2089 | D:3      | 2089 ||| DRINKING 2 sedimented blue potions.
  2090 | D:3      | 2090 ||| DROPPING potion of lignification.
  2091 | D:3      | 2091 ||| DROPPING potion of degeneration.
  2168 | D:4      | 2168 ||| INVOKING Spit Poison.
  2205 | D:4      | 2205 ||| INVOKING Spit Poison.
  2226 | D:4      | 2226 ||| INVOKING Spit Poison.
  2229 | D:4      | 2229 ||| INVOKING Spit Poison.
  2232 | D:4      | Reached skill level 6 in Ranged Weapons
  2232 | D:4      | Reached XP level 6. HP: 43/56 MP: 6/6
  2233 | D:4      | 2233 ||| INVOKING Spit Poison.
  2236 | D:4      | 2236 ||| INVOKING Spit Poison.
  2280 | D:4      | 2280 ||| INVOKING Spit Poison.
  2286 | D:4      | 2286 ||| INVOKING Spit Poison.
  2292 | D:4      | 2292 ||| INVOKING Spit Poison.
  2349 | D:4      | 2349 ||| INVOKING Spit Poison.
  2356 | D:4      | 2356 ||| INVOKING Spit Poison.
  2567 | D:4      | 2567 ||| READING 2 scrolls labelled ZAMECUCRUFO.
  2584 | D:5      | Entered Level 5 of the Dungeon
  2739 | D:5      | 2739 ||| INVOKING Spit Poison.
  2771 | D:5      | Noticed a water moccasin
  2778 | D:5      | Killed a water moccasin
  2888 | D:5      | 2888 ||| INVOKING Spit Poison.
  2893 | D:5      | Noticed Dowan
  2895 | D:5      | Noticed Duvessa
  2896 | D:5      | 2896 ||| INVOKING Spit Poison.
  2903 | D:5      | 2903 ||| INVOKING Spit Poison.
  2910 | D:5      | 2910 ||| INVOKING Spit Poison.
  2914 | D:5      | Killed Duvessa
  2915 | D:5      | Reached XP level 7. HP: 31/66 MP: 7/7
  2915 | D:5      | Killed Dowan
  2940 | D:5      | 2940 ||| INVOKING Spit Poison.
  2945 | D:5      | 2945 ||| INVOKING Spit Poison.
  2946 | D:5      | Reached skill level 7 in Ranged Weapons
  3104 | D:5      | 3104 ||| INVOKING Spit Poison.
  3121 | D:5      | Identified the staff of conjuration "Zuerch" {Fragile rElec
                  | rC++ rCorr}
  3176 | D:5      | 3176 ||| INVOKING Spit Poison.
  3212 | D:5      | Found a runed translucent door.
  3213 | D:5      | Noticed Crazy Yiuf
  3337 | D:5      | Found Yhenn's Antique Armour Emporium.
  3341 | D:5      | 3341 ||| BUYING cloak (139 gold).
  3341 | D:5      | Bought a cloak for 139 gold pieces
  3355 | D:5      | Found a blossoming altar of Fedhas.
  3457 | D:5      | 3457 ||| INVOKING Spit Poison.
  3460 | D:5      | 3460 ||| INVOKING Spit Poison.
  3462 | D:5      | Reached skill level 1 in Armour
  3615 | D:5      | 3615 ||| INVOKING Spit Poison.
  3668 | D:5      | 3668 ||| DROPPING scarf of invisibility.
  3669 | D:5      | 3669 ||| UPGRADING to +3 leather armour of cold resistance.
  3679 | D:5      | 3679 ||| DROPPING +0 leather armour.
  3680 | D:5      | 3680 ||| UPGRADING to +0 cloak.
  3685 | D:5      | 3685 ||| READING scroll labelled HUM BEMAMA.
  3686 | D:5      | 3686 ||| READING scroll labelled QAUWNICABE.
  3687 | D:5      | 3687 ||| READING 2 scrolls of identify.
  3687 | D:5      | 3687 ||| IDENTIFYING dark potion
  3723 | D:6      | Found a staircase to the Ecumenical Temple.
  3724 | D:6      | 3724 ||| PLANNING TEMPLE
  3724 | D:6      | 3724 ||| STAIRDANCE
  3796 | D:6      | 3796 ||| STAIRDANCE
  3868 | D:6      | 3868 ||| STAIRDANCE
  3953 | Temple   | Entered the Ecumenical Temple
  4016 | Temple   | 4016 ||| PLANNING OKAWARU WORSHIP
  4251 | Temple   | Became a worshipper of Warmaster Okawaru
  4252 | Temple   | 4252 ||| PLANNING D:1-11
  4345 | D:6      | 4345 ||| INVOKING Spit Poison.
  4348 | D:6      | 4348 ||| INVOKING Spit Poison.
  4354 | D:6      | 4354 ||| INVOKING Spit Poison.
  4358 | D:6      | 4358 ||| INVOKING Spit Poison.
  4421 | D:6      | Reached XP level 8. HP: 34/73 MP: 8/8
  4593 | D:6      | 4593 ||| Stepping ~*~*~tactically~*~*~ (outnumbered).
  4594 | D:6      | 4594 ||| INVOKING Spit Poison.
  4595 | D:6      | 4595 ||| Stepping ~*~*~tactically~*~*~ (outnumbered).
  4601 | D:6      | 4601 ||| INVOKING Spit Poison.
  4604 | D:6      | HP: 14/73 [orc priest/nerve-wracking pain (7)]
  4605 | D:6      | 4605 ||| READING 3 scrolls of teleportation.
  4605 | D:6      | HP: 3/73 [orc priest/divine providence (12)]
  4605 | D:6      | HP: 1/73 [ice beast (2)]
  4605 | D:6      | Slain by an ice beast

Levels and vault maps discovered:
D:1:      lemuel_arrival_cross, layout_rooms,
          shapermc_ecumenical_altar_mp_vishouse, chequers_serial_rivers_small_a,
          ebering_dispersal_statue_hall
D:2:      layout_basic
D:3:      layout_basic
D:4:      layout_cave_pools
D:5:      layout_loops_ring, mainiacjoe_overflow_chevrons, serial_shops,
          nicolae_shop_back_alley_shop, minivault_5, uniq_crazy_yiuf_cottage,
          uniq_duvessa
D:6:      layout_cave_pools, trog_ov_bears_minmay,
          minmay_temple_entry_statues_pillars, serial_bayou_pond_a, centaur_isle
Temple:   minmay_temple_bridge_d

Skill      XL: |  1  2  3  4  5  6  7 |
---------------+----------------------+-----
Ranged Weapons | 4 5 6 7 |  7.7
Fighting       | 3 4 |  4.3
Dodging        | 2 |  2.3
Armour         | 1 |  1.7
Stealth        | |  1.5

Action                     |  1- 3 |  4- 6 |  7- 9 || total
---------------------------+-------+-------+-------++-------
   Fire: Shortbow          |    53 |   113 |    76 ||   242
Ability: Spit Poison       |    25 |    40 |    13 ||    78
    Use: Scroll            |     4 |     5 |     4 ||    13
         Potion            |       |     3 |       ||     3
 Armour: Leather armour    |     3 |    27 |    27 ||    57
  Dodge: Dodged            |    11 |    41 |    27 ||    79

Table legend:
 A = Non-vault XP
 B = Vault XP
 C = Vault XP percentage of total XP
 D = Non-vault monster count
 E = Vault monster count
 F = Vault count percentage of total count
                 A         B        C        D         E       F
            +---------+---------+-------+---------+---------+-------
      Total |    1121 |     214 |  16.0 |      91 |       2 |   2.2
            +---------+---------+-------+---------+---------+-------
        D:1 |      49 |       0 |   0.0 |      27 |       0 |   0.0
        D:2 |     122 |       0 |   0.0 |      27 |       0 |   0.0
        D:3 |      70 |       0 |   0.0 |      10 |       0 |   0.0
        D:4 |     101 |       0 |   0.0 |      11 |       0 |   0.0
        D:5 |     497 |     214 |  30.1 |      11 |       2 |  15.4
        D:6 |     282 |       0 |   0.0 |       5 |       0 |   0.0
            +---------+---------+-------+---------+---------+-------
